 Dungeon Crawl Stone Soup version 0.30-b1-2-g02819fbbbe (webtiles) character file.

Game seed: 12233541393528053746

220 Fartwhistle the Changer (level 5, -6/67 HPs)
             Began as a Naga Transmuter on June 6, 2023.
             Mangled by Menkaure (16 damage)
             ... on level 4 of the Dungeon.
             The game lasted 00:11:27 (3682 turns).

Fartwhistle the Changer (Naga Transmuter)           Turns: 3682, Time: 00:11:27

Health: -6/67      AC: 22    Str: 12    XL:     5   Next: 97%
Magic:  7/9        EV:  1    Int: 15    God:
Gold:   251        SH:  0    Dex: 12    Spells: 4/10 levels left

rFire   . .          .
                       - Unarmed
rCold   . . .        (no shield)
rNeg    . . .        a - melded +0 robe
rPois   +            (helmet currently unavailable)
rElec   .            (cloak currently unavailable)
rCorr   +            (gloves currently unavailable)
SInv    +            (no barding)
Will    .....        (no amulet)
Stlth   +            e - ring of resist corrosion
HPRegen 0.31/turn    m - ring of wizardry
MPRegen 0.11/turn

%: wizardry (x1)
@: mighty, tree-form, hasted, very quick
A: stationary, stasis, torment immunity, boosted hp, AC +1, large, see
invisible, (deformed body), (poison resistance), (slowness 2), spit poison 1,
(naga tail 1)
a: Spit Poison


You were on level 4 of the Dungeon.
You were a tree.
You visited 1 branch of the dungeon, and saw 4 of its levels.
You also visited: Sewer.

You collected 251 gold pieces.

Inventory:

Hand Weapons
 d - a +0 dagger of venom
Missiles
 o - 5 poisoned darts
Armour
 a - a +0 robe (melded)
Magical Staves
 u - the staff of cold "Xaciwo Panaps" {rF+ rC+ Dex+2 Stlth-}
   (You found it in a sewer)

   [staff of cold]

   Base accuracy: +5 Base damage: 5 Base attack delay: 1.2 This weapon's minimum
   attack delay (0.6) is reached at skill level 12.
   Dex:       It affects your dexterity (+2).
   rF:        It protects you from fire.
   rC:        It protects you from cold.
   Stlth:     It makes you less stealthy.
   It falls into the 'Staves' category.
   It is a one-handed weapon.
Jewellery
 e - a ring of resist corrosion (left branch)
 m - a ring of wizardry (right branch)
 q - a +6 ring of intelligence
Scrolls
 c - 5 scrolls of teleportation
 g - a scroll of blinking {unknown}
 k - 2 scrolls of enchant armour {unknown}
 n - 2 scrolls of fog {unknown}
 r - a scroll of fear {unknown}
 s - a scroll of magic mapping {unknown}
 t - a scroll of brand weapon {unknown}
 v - a scroll of amnesia {unknown}
 w - a scroll of poison {unknown}
Potions
 b - 2 potions of lignification
 h - 2 potions of curing
 i - 4 potions of flight
 l - a potion of mutation {unknown}
 p - 2 potions of degeneration {unknown}


   Skills:
 + Level 1.8 Fighting
 - Level 1.6 Dodging
 + Level 3.3 Unarmed Combat
 + Level 3.1 Spellcasting
 * Level 4.4 Transmutations
 - Level 2.0 Poison Magic


You had 4 spell levels left.
You knew the following spells:

 Your Spells              Type           Power      Damage    Failure   Level
a - Beastly Appendage     Tmut           30%        N/A       1%          1
b - Spider Form           Tmut/Pois      11%        N/A       6%          3
c - Wereblood             Tmut           15%        N/A       1%          2

Your spell library contained the following spells:

 Spells                   Type           Power      Damage    Failure   Level
 Blink                    Tloc           4%         N/A       12%         2
 Lesser Beckoning         Tloc           4%         N/A       12%         2
 Momentum Strike          Conj/Tloc      4%         3d8       12%         2
 Gell's Gravitas          Tloc           2%         N/A       24%         3
 Teleport Other           Tloc           2%         N/A       24%         3
 Ice Form                 Ice/Tmut       8%         N/A       32%         4


Dungeon Overview and Level Annotations

Branches:
Dungeon (4/15)              Sewer (visited)
 Temple: D:4-7

Altars:
Cheibriados
Vehumet
Wu Jian

Annotations:
D:3 1 runed translucent door, Termiter's ghost, weakling DsNe
D:4 Menkaure


Innate Abilities, Weirdness & Mutations

You are a tree.
Your roots penetrate the ground, keeping you stationary.
You cannot be teleported.
You are immune to unholy pain and torment.
Your maximum health is greatly increased.
Your equipment is partially melded.
((Your serpentine skin is tough. (AC +1)))
You have supernaturally acute eyesight. (SInv)
((Armour fits poorly on your strangely shaped body.))
((Your system is resistant to poisons. (rPois)))
((You cover ground very slowly.))
You can spit poison.
((You have a snake-like lower body.))


Message History

Your +0 robe melds into your body.
Unknown command.
You hit Menkaure.
Menkaure is lightly damaged.
You hit Menkaure.
Menkaure is moderately damaged.
Menkaure completely misses you.
You hit Menkaure.
Menkaure is heavily damaged.
Menkaure calls on the powers of darkness!
Your body is wracked with pain!
You are too injured to fight recklessly!
You are too injured to fight recklessly!
You are too injured to fight recklessly!
You are too injured to fight recklessly!
Really quaff the potion of lignification?
Your transformation has ended.
The staff of cold "Xaciwo Panaps" {rF+ rC+ Dex+2 Stlth-} unmelds from your body.
Your +0 robe unmelds from your body.
You turn into a tree.
Your +0 robe melds into your body.
Your roots penetrate the ground.
Menkaure hits you!
* * * LOW HITPOINT WARNING * * *
You barely miss Menkaure.
Menkaure is heavily damaged.
Menkaure hits you but does no damage.
You feel very mighty all of a sudden.
You feel yourself speed up. Menkaure hits you but does no damage.
Okay, then.
What are your orders? t - Creak!
Orders for allies: a - Attack new target. r - Retreat! s - Stop attacking. g - Guard the area. f - Follow me.
Anything else - Cancel.
Okay, then.
You are now empty-handed.
You smack Menkaure!
Menkaure is almost destroyed.
Menkaure hits you!
You die...

. ### .. ##..
###.###..
.......M###
........♣.##
.......##..####
....... ##....#
.......
####.#######
.......
#.#.....##
.......
#.[......##
.......
#.........#
.......
#.........#
#.........#


You could see Menkaure.

Vanquished Creatures
  A sickly merfolk siren (Sewer)
  A malarious merfolk avatar (Sewer)
  8 adders
  2 worms (D:2)
  3 dart slugs
  A bat (D:2)
  5 endoplasms
  12 giant cockroaches
  4 goblins
  6 hobgoblins
  7 quokkas
  11 ball pythons
  3 frilled lizards (Sewer)
  5 kobolds
  28 rats
97 creatures vanquished.

Vanquished Creatures (others)
  A plant (D:1)
1 creature vanquished.

Grand Total: 98 creatures vanquished

Notes
Turn   | Place    | Note
-------+----------+-------------------------------------------
     0 | D:1      | Fartwhistle the Naga Transmuter began the quest for the
                  | Orb.
     0 | D:1      | Reached XP level 1. HP: 18/18 MP: 3/3
   238 | D:1      | Reached XP level 2. HP: 25/25 MP: 5/5
   880 | D:2      | Reached skill level 3 in Transmutations
   880 | D:2      | Reached XP level 3. HP: 23/31 MP: 4/6
   990 | D:2      | Learned a level 3 spell: Spider Form
  1217 | D:2      | Found a faded altar of an unknown god.
  1381 | D:2      | Reached XP level 4. HP: 26/38 MP: 7/7
  1396 | D:2      | Reached skill level 1 in Poison Magic
  1884 | D:3      | Found a snail-covered altar of Cheibriados.
  1994 | D:3      | Noticed Termiter's ghost (weakling DsNe)
  1996 | D:3      | Found a runed translucent door.
  2011 | D:3      | Learned a level 2 spell: Wereblood
  2256 | D:3      | Found an ornate altar of the Wu Jian Council.
  2600 | D:3      | Found a radiant altar of Vehumet.
  2893 | D:4      | Found a glowing drain.
  2897 | D:4      | Reached XP level 5. HP: 44/44 MP: 5/9
  2916 | Sewer    | Entered a sewer
  2994 | Sewer    | Reached skill level 4 in Transmutations
  3409 | Sewer    | Identified the staff of cold "Xaciwo Panaps" {rF+ rC+ Dex+2
                  | Stlth-}
  3671 | D:4      | Noticed Menkaure
  3682 | D:4      | Mangled by Menkaure

Illustrated notes

Levels and vault maps discovered:
D:1:      kennysheep_arrival_seaside, layout_loops_ring
D:2:      layout_loops_ring, hellmonk_ecumenical_altar_zigzags
D:3:      layout_basic, kennysheep_slug_shrine, fiery_altar_vehumet,
          old_standard_altar, ebering_ghost_inner_flame
D:4:      layout_rooms, portal_sewer_entry_f, uniq_natasha, uniq_menkaure

Skill      XL: |  1  2  3  4  5 |
---------------+----------------+-----
Transmutations | 3 4 |  4.4
Poison Magic   | 1 2 |  2.0
Spellcasting   | 3 |  3.1
Fighting       | |  1.8
Dodging        | |  1.6
Unarmed Combat | |  3.3

Action                     |  1- 3 |  4- 6 || total
---------------------------+-------+-------++-------
  Melee: Unarmed           |    87 |   207 ||   294
         Punch             |     4 |     1 ||     5
         Headbutt          |     3 |       ||     3
         Staff             |       |     7 ||     7
   Cast: Beastly Appendage |     6 |       ||     6
         Spider Form       |       |    12 ||    12
         Wereblood         |       |     3 ||     3
Ability: Spit Poison       |    20 |    11 ||    31
    Use: Scroll            |       |     4 ||     4
         Potion            |       |     3 ||     3
   Stab: Sleeping          |     2 |       ||     2
 Armour: Robe              |    15 |    24 ||    39
         Skin              |       |     3 ||     3
  Dodge: Dodged            |    42 |   144 ||   186
